[ AOE2 MATCH · #473649818 ]
Team RMVikings vs Bohemians
[ REPLAY ANALYSIS · EXTRACTED FROM THE RECORDED GAME ]
Feudal
20:05
Castle
—
Imperial
—
| APM avg | 4.1 |
| APM peak | 22 |
| eAPM avg | 2.7 |
| Villagers / military | 9 / 5 |
Focus
⚔️ 13.3% · 🌾 86.7%
Militia ×5
Feudal
13:00
Castle
18:44
Imperial
—
| APM avg | 15.7 |
| APM peak | 46 |
| eAPM avg | 8.5 |
| Villagers / military | 36 / 31 |
Focus
⚔️ 17.8% · 🌾 82.2%
Huskarl ×28 · Fishing Ship ×3 · Mangonel ×2 · Demolition Raft ×1
Feudal
22:38
Castle
—
Imperial
—
| APM avg | 5.2 |
| APM peak | 24 |
| eAPM avg | 2.4 |
| Villagers / military | 9 / 15 |
Focus
⚔️ 31.0% · 🌾 69.0%
Spearman ×12 · Militia ×3
Feudal
12:31
Castle
20:21
Imperial
—
| APM avg | 13.4 |
| APM peak | 37 |
| eAPM avg | 10.9 |
| Villagers / military | 64 / 33 |
Focus
⚔️ 20.8% · 🌾 79.2%
Militia ×21 · Fishing Ship ×6 · Spearman ×5 · Monk ×3 · Battering Ram ×2 · Hussite Wagon ×2
Match map
Initial resources + every placement click. Lines = walls · curves = elevation contours. ◆ gold · ⬟ stone · ● berries · ✦ relic · ◌ wall gap
Inputs per minute
— Maggi mit Ei - - Luchob_01
Build order — Maggi mit Ei
30 actions detected in the replay
| 0:19 | Create | Villager (Male) |
| 0:19 | Create | Villager (Male) |
| 0:35 | Build | Mining Camp |
| 1:18 | Create | Villager (Male) |
| 1:33 | Build | House |
| 2:55 | Create | Villager (Male) |
| 2:55 | Create | Villager (Male) |
| 3:36 | Build | Lumber Camp |
| 5:03 | Create | Villager (Male) |
| 5:25 | Create | Villager (Male) |
| 8:48 | Build | House |
| 9:53 | Build | Mill |
| 11:01 | Build | Farm |
| 11:58 | Build | Farm |
| 15:24 | Build | Barracks |
| 16:19 | Build | Farm |
| 17:31 | Build | Farm |
| 17:55 | Research | Feudal Age |
| 18:05 | Create | Militia |
| 19:30 | Create | Militia |
| 19:31 | Create | Militia |
| 20:05 | Age | Feudal Age |
| 21:10 | Build | Farm |
| 21:34 | Create | Villager (Male) |
| 22:13 | Build | Farm |
| 22:29 | Build | Farm |
| 22:38 | Create | Villager (Male) |
| 22:46 | Build | Farm |
| 24:53 | Create | Militia |
| 24:54 | Create | Militia |
Build order — Luchob_01
91 actions detected in the replay
| 0:02 | Research | Loom |
| 0:02 | Create | Villager (Male) ×4 |
| 0:03 | Create | Villager (Male) ×4 |
| 0:10 | Build | House |
| 0:11 | Build | House |
| 0:56 | Build | Palisade Wall |
| 1:43 | Build | Palisade Wall |
| 1:59 | Create | Villager (Male) |
| 1:59 | Create | Villager (Male) |
| 2:38 | Create | Villager (Male) |
| 3:04 | Create | Villager (Male) |
| 3:12 | Build | House |
| 3:33 | Create | Villager (Male) |
| 4:05 | Create | Villager (Male) |
| 4:46 | Create | Villager (Male) |
| 4:58 | Build | Lumber Camp |
| 5:01 | Create | Villager (Male) |
| 5:28 | Create | Villager (Male) |
| 6:22 | Create | Villager (Male) |
| 6:51 | Create | Villager (Male) ×3 |
| 8:25 | Build | Dock |
| 9:08 | Create | Villager (Male) ×5 |
| 9:13 | Build | House |
| 9:38 | Create | Fishing Ship ×3 |
| 10:34 | Build | House |
| 10:46 | Research | Feudal Age |
| 11:14 | Build | Mill |
| 12:55 | Create | Villager (Male) |
| 12:55 | Create | Villager (Male) |
| 13:00 | Age | Feudal Age |
| 13:03 | Build | Market |
| 13:24 | Build | Palisade Wall |
| 13:24 | Build | Palisade Wall |
| 13:25 | Build | Palisade Wall |
| 13:26 | Build | Palisade Wall |
| 13:26 | Build | Palisade Wall |
| 13:27 | Build | Palisade Wall |
| 13:48 | Build | Blacksmith |
| 13:50 | Create | Villager (Male) |
| 13:50 | Create | Villager (Male) |
| 14:46 | Build | Mining Camp |
| 15:24 | Create | Demolition Raft |
| 15:33 | Build | House |
| 16:04 | Research | Castle Age |
| 16:12 | Build | Mining Camp |
| 16:51 | Research | Double-Bit Axe |
| 16:56 | Research | Horse Collar |
| 18:08 | Build | House |
| 18:16 | Research | Forging |
| 18:17 | Research | Scale Mail Armor |
| 18:33 | Build | Fish Trap |
| 18:44 | Age | Castle Age |
| 18:50 | Create | Villager (Male) |
| 18:50 | Create | Villager (Male) |
| 18:50 | Create | Villager (Male) |
| 19:22 | Build | House |
| 19:24 | Build | House |
| 19:32 | Research | Bow Saw |
| 19:37 | Research | Heavy Plow |
| 19:57 | Create | Villager (Male) |
| 19:58 | Create | Villager (Male) |
| 20:38 | Build | Castle |
| 21:09 | Build | Mill |
| 21:27 | Create | Villager (Male) |
| 21:35 | Build | Farm |
| 21:39 | Build | Farm |
| 21:43 | Build | Farm |
| 22:02 | Create | Huskarl ×3 |
| 22:16 | Build | Farm |
| 22:18 | Build | Farm |
| 22:18 | Build | Farm |
| 22:19 | Build | Farm |
| 22:22 | Build | Farm |
| 22:43 | Create | Huskarl ×2 |
| 22:56 | Create | Huskarl |
| 23:19 | Create | Huskarl |
| 23:43 | Create | Huskarl |
| 24:20 | Build | Siege Workshop |
| 24:22 | Create | Huskarl ×5 |
| 24:56 | Create | Huskarl ×2 |
| 25:20 | Create | Huskarl ×3 |
| 26:31 | Create | Huskarl ×5 |
| 26:40 | Create | Mangonel |
| 26:40 | Create | Mangonel |
| 27:21 | Build | Outpost |
| 28:01 | Create | Huskarl ×5 |
| 28:36 | Build | Dock |
| 29:14 | Research | Iron Casting |
| 29:14 | Research | Chain Mail Armor |
| 29:19 | Build | House |
| 29:19 | Build | House |
Build order — BrenK
38 actions detected in the replay
| 0:25 | Build | Lumber Camp |
| 1:30 | Create | Villager (Male) |
| 1:31 | Create | Villager (Male) |
| 3:48 | Create | Villager (Male) |
| 3:48 | Create | Villager (Male) |
| 4:16 | Build | House |
| 5:13 | Build | Mining Camp |
| 5:43 | Build | Barracks |
| 7:08 | Build | House |
| 8:10 | Build | House |
| 8:56 | Build | House |
| 9:08 | Create | Villager (Male) |
| 9:09 | Create | Villager (Male) |
| 9:13 | Create | Villager (Male) |
| 10:10 | Build | Mining Camp |
| 12:16 | Build | Mill |
| 14:32 | Build | Farm |
| 16:13 | Create | Villager (Male) |
| 16:14 | Create | Villager (Male) |
| 20:28 | Research | Feudal Age |
| 22:38 | Age | Feudal Age |
| 23:10 | Build | Blacksmith |
| 23:29 | Create | Spearman |
| 23:31 | Create | Spearman |
| 23:32 | Create | Spearman |
| 24:24 | Create | Spearman |
| 24:24 | Create | Spearman |
| 24:25 | Create | Spearman |
| 24:25 | Create | Spearman |
| 24:25 | Create | Spearman |
| 24:26 | Create | Spearman |
| 24:26 | Create | Spearman |
| 24:26 | Create | Spearman |
| 24:26 | Create | Spearman |
| 27:03 | Create | Militia |
| 27:03 | Create | Militia |
| 27:03 | Create | Militia |
| 27:40 | Build | Farm |
Build order — belisario777
First 150 of 168 actions detected
| 0:02 | Research | Loom |
| 0:03 | Create | Villager (Male) ×4 |
| 0:12 | Build | House |
| 1:01 | Build | Palisade Wall |
| 1:04 | Build | Palisade Gate |
| 2:03 | Build | House |
| 2:29 | Build | Palisade Wall |
| 2:32 | Build | Building 796 |
| 2:42 | Create | Villager (Male) |
| 2:42 | Create | Villager (Male) |
| 2:54 | Create | Villager (Male) |
| 3:36 | Create | Villager (Male) |
| 3:36 | Create | Villager (Male) |
| 4:01 | Build | House |
| 4:04 | Build | House |
| 4:07 | Create | Villager (Male) |
| 4:45 | Build | House |
| 4:48 | Create | Villager (Male) |
| 4:48 | Create | Villager (Male) |
| 4:48 | Create | Villager (Male) |
| 5:23 | Create | Villager (Male) |
| 6:01 | Create | Villager (Male) |
| 6:01 | Create | Villager (Male) |
| 6:02 | Create | Villager (Male) |
| 6:11 | Build | Mill |
| 6:33 | Create | Villager (Male) |
| 6:46 | Create | Villager (Male) |
| 6:47 | Create | Villager (Male) |
| 7:33 | Create | Villager (Male) |
| 7:44 | Create | Villager (Male) |
| 7:48 | Build | Lumber Camp |
| 8:09 | Create | Villager (Male) |
| 8:57 | Create | Villager (Male) |
| 8:58 | Create | Villager (Male) |
| 9:34 | Build | Dock |
| 9:41 | Create | Villager (Male) |
| 10:21 | Research | Feudal Age |
| 10:24 | Create | Fishing Ship |
| 10:55 | Build | Mill |
| 11:08 | Create | Fishing Ship |
| 11:11 | Create | Villager (Male) |
| 11:20 | Build | House |
| 11:48 | Create | Villager (Male) |
| 12:26 | Create | Fishing Ship |
| 12:30 | Create | Villager (Male) |
| 12:31 | Age | Feudal Age |
| 12:35 | Research | Double-Bit Axe |
| 12:47 | Build | Market |
| 13:03 | Build | Stone Wall |
| 13:07 | Build | Building 487 |
| 13:23 | Build | Stone Wall |
| 13:27 | Create | Villager (Male) |
| 13:38 | Create | Fishing Ship |
| 13:39 | Create | Fishing Ship |
| 13:58 | Build | House |
| 14:20 | Create | Villager (Male) |
| 14:28 | Build | Building 490 |
| 14:34 | Create | Villager (Male) |
| 14:47 | Build | Mining Camp |
| 15:15 | Create | Villager (Male) |
| 15:22 | Create | Villager (Male) |
| 15:46 | Build | House |
| 15:52 | Build | Outpost |
| 16:04 | Build | Mill |
| 16:23 | Build | Farm |
| 16:23 | Build | Farm |
| 16:23 | Build | Farm |
| 16:23 | Build | Farm |
| 16:24 | Build | Farm |
| 16:24 | Build | Farm |
| 16:24 | Build | Farm |
| 16:25 | Build | Farm |
| 16:31 | Build | Mining Camp |
| 16:35 | Create | Villager (Male) |
| 17:05 | Build | Blacksmith |
| 17:13 | Create | Villager (Male) |
| 17:41 | Research | Castle Age |
| 17:58 | Build | Barracks |
| 18:09 | Create | Villager (Male) |
| 18:09 | Create | Villager (Male) |
| 18:17 | Research | Horse Collar |
| 18:30 | Create | Villager (Male) |
| 18:34 | Research | Scale Mail Armor |
| 18:39 | Create | Fishing Ship |
| 18:55 | Create | Trade Cart |
| 19:32 | Build | House |
| 19:33 | Build | House |
| 19:42 | Build | Fish Trap |
| 19:45 | Build | Fish Trap |
| 19:49 | Build | Fish Trap |
| 19:52 | Build | Fish Trap |
| 19:55 | Build | Fish Trap |
| 20:03 | Research | Fletching |
| 20:18 | Create | Villager (Male) |
| 20:19 | Create | Villager (Male) |
| 20:21 | Age | Castle Age |
| 20:38 | Build | Monastery |
| 20:47 | Create | Villager (Male) |
| 20:49 | Create | Villager (Male) |
| 21:21 | Research | Fervor |
| 21:21 | Create | Monk |
| 21:39 | Build | Town Center |
| 21:56 | Research | Bow Saw |
| 22:19 | Create | Villager (Male) |
| 22:20 | Create | Villager (Male) |
| 22:30 | Build | Mining Camp |
| 22:33 | Build | Farm |
| 22:37 | Create | Monk |
| 22:48 | Create | Spearman |
| 22:48 | Create | Spearman |
| 22:49 | Create | Spearman |
| 22:55 | Create | Villager (Male) |
| 22:55 | Create | Villager (Male) |
| 22:59 | Create | Villager (Male) |
| 23:00 | Create | Villager (Male) |
| 23:31 | Build | Siege Workshop |
| 23:42 | Create | Monk |
| 23:43 | Create | Villager (Male) |
| 23:44 | Create | Villager (Male) |
| 23:46 | Create | Villager (Male) |
| 23:54 | Create | Battering Ram |
| 24:19 | Create | Militia |
| 24:19 | Create | Militia |
| 24:21 | Create | Militia |
| 24:26 | Build | House |
| 24:27 | Build | House |
| 24:28 | Build | House |
| 24:38 | Research | Man-at-Arms (upgrade) |
| 24:40 | Research | Squires |
| 24:43 | Build | Barracks |
| 24:51 | Create | Unit 1105 |
| 24:56 | Create | Villager (Male) |
| 24:57 | Create | Villager (Male) |
| 24:57 | Create | Villager (Male) |
| 25:12 | Create | Battering Ram |
| 25:15 | Research | Long Swordsman (upgrade) |
| 25:15 | Create | Militia ×5 |
| 25:15 | Create | Militia ×4 |
| 26:02 | Build | Castle |
| 26:09 | Create | Villager (Male) |
| 26:12 | Build | House |
| 26:14 | Build | House |
| 26:16 | Build | House |
| 26:19 | Research | Caravan |
| 26:22 | Research | Forging |
| 26:28 | Create | Militia |
| 26:29 | Create | Militia |
| 26:46 | Build | Mining Camp |
| 26:48 | Create | Villager (Male) |
| 26:59 | Create | Villager (Male) |
Match timeline
| 0:56 | Luchob_01 · wall_segment Palisade Wall x12 |
| 1:01 | belisario777 · wall_segment Palisade Wall x10 |
| 1:43 | Luchob_01 · wall_segment Palisade Wall x7 |
| 2:29 | belisario777 · wall_segment Palisade Wall x10 |
| 5:43 | BrenK · first_building Barracks |
| 8:25 | Luchob_01 · first_building Dock |
| 9:34 | belisario777 · first_building Dock |
| 12:31 | belisario777 · age_up feudal |
| 13:00 | Luchob_01 · age_up feudal |
| 13:03 | belisario777 · wall_segment Stone Wall x9 |
| 13:23 | belisario777 · wall_segment Stone Wall x9 |
| 13:24 | Luchob_01 · wall_segment Palisade Wall x1 |
| 13:24 | Luchob_01 · wall_segment Palisade Wall x1 |
| 13:25 | Luchob_01 · wall_segment Palisade Wall x1 |
| 13:26 | Luchob_01 · wall_segment Palisade Wall x1 |
| 13:26 | Luchob_01 · wall_segment Palisade Wall x1 |
| 13:27 | Luchob_01 · wall_segment Palisade Wall x1 |
| 15:04 | Luchob_01 · first_market_sell 100 wood |
| 15:24 | Maggi mit Ei · first_building Barracks |
| 17:58 | belisario777 · first_building Barracks |
| 18:44 | Luchob_01 · age_up castle |
| 20:05 | Maggi mit Ei · age_up feudal |
| 20:21 | belisario777 · age_up castle |
| 20:38 | belisario777 · first_building Monastery |
| 20:38 | Luchob_01 · first_building Castle |
| 22:38 | BrenK · age_up feudal |
| 23:31 | belisario777 · first_building Siege Workshop |
| 24:20 | Luchob_01 · first_building Siege Workshop |
| 24:55 | belisario777 · first_market_buy 100 wood |
| 26:02 | belisario777 · first_building Castle |
| 30:05 | BrenK · resign |
[ AI ANALYSIS · 1 CREDIT ]
What really happened in this match?
Wolo.gg analyzes every decision: build order, eco, micro, common mistakes by bracket. Personalized analysis on WhatsApp or Discord in 30 seconds.
Civ guide
Vikings
Map guide
Black Forest
Perfil
Jugador #25338159